 Dungeon Crawl Stone Soup version 0.24-a0-284-g9fb9971df1 (webtiles) character file.

Game seed: 12240504126103077575

29482 Redear the Arsonist (level 13, 0/71 HPs)
             Began as an Octopode Fire Elementalist on May 6, 2019.
             Was the Champion of Zin.
             Slain by a blink frog (15 damage)
             ... on level 4 of the Lair of Beasts.
             The game lasted 01:06:31 (23381 turns).

Redear the Arsonist (Octopode Fire Elementalist)   Turns: 23381, Time: 01:06:32

Health: 0/71       AC:  1    Str:  8    XL:     13   Next: 45%
Magic:  28/28      EV: 13    Int: 21    God:    Zin [******]
Gold:   933        SH:  4    Dex: 13    Spells: 18/34 levels left

rFire    + . .     SeeInvis .   V - staff of energy {channel}
rCold    . . .     Gourm    .   (no shield)
rNeg     . . .     Faith    .   (helmet restricted)
rPois    .         Spirit   .   (no amulet)
rElec    .         Reflect  .   f - ring of protection from fire {rF+}
rCorr    .         Harm     .   (no ring)
MR       +....                  (no ring)
Stlth    +++.......             (no ring)
HPRegen  0.21/turn              (no ring)
MPRegen  0.21/turn              (no ring)
                                (no ring)
                                (no ring)

@: no status effects
A: almost no armour, stealthy swim, amphibious, 8 rings, constrict 8, large bone
plates 1, camouflage 1, magic resistance 1, gelatinous body 1
a: Recite, Vitalisation, Imprison, Sanctuary, Donate Gold, Renounce Religion


You were on level 4 of the Lair of Beasts.
You worshipped Zin.
Zin was exalted by your worship.
You were near starving.

You visited 3 branches of the dungeon, and saw 18 of its levels.
You also visited: Sewer and Ossuary.

You collected 1190 gold pieces.
You spent 154 gold pieces at shops.
You donated 103 gold pieces to Zin.

Inventory:

Hand Weapons
 a - a +1 dagger of venom
 x - a +5 falchion of freezing
 O - a +1 falchion of flaming
Missiles
 c - 341 stones (quivered)
Armour
 i - a +0 buckler
Magical Staves
 V - an uncursed staff of energy (weapon) {channel}
Jewellery
 f - a ring of protection from fire (left tentacle) {rF+}
 k - an uncursed amulet of guardian spirit {Spirit}
 w - an uncursed ring of fire {rF+ rC-}
 y - an uncursed ring of fire {rF+ rC-}
Wands
 A - a wand of acid (30)
 E - a wand of enslavement (8)
 I - a wand of iceblast (11)
 J - a wand of flame (29)
Scrolls
 e - a scroll of noise {unknown}
 m - 2 scrolls of fog
 p - a scroll of fear
 t - 5 scrolls of amnesia
 v - a scroll of random uselessness {unknown}
 B - a scroll of blinking {@r4}
 G - 2 scrolls of enchant armour
 K - a scroll of brand weapon {unknown}
 L - 4 scrolls of immolation
 M - 3 scrolls of magic mapping
 N - 11 scrolls of remove curse {@r2}
 T - 7 scrolls of teleportation {@r3}
Potions
 b - 4 potions of heal wounds {@q1}
 d - a potion of cancellation
 g - 6 potions of mutation {!q}
 h - a potion of ambrosia {unknown}
 j - a potion of invisibility {unknown}
 l - 6 potions of flight
 n - 2 potions of magic
 o - 2 potions of resistance {rF+ rC+ rPois rElec rCorr}
 q - 3 potions of brilliance {Archmagi Int+5 Wiz++}
 r - 2 potions of might {Str+5 DMG+1d10 | @q3}
 s - 2 potions of lignification
 u - 5 potions of berserk rage
 D - 2 potions of degeneration {!q}
 H - 2 potions of haste
 Q - 7 potions of curing
Miscellaneous
 F - a lightning rod (4/4)
 W - a sack of spiders
Comestibles
 z - 23 rations


   Skills:
 - Level 2.0 Dodging
 - Level 2.6 Stealth
 + Level 11.0 Spellcasting
 + Level 11.8 Conjurations
 + Level 12.1 Fire Magic
 - Level 6.0 Invocations
 + Level 8.4 Evocations


You had 18 spell levels left.
You knew the following spells:

 Your Spells              Type           Power        Failure   Level  Hunger
a - Flame Tongue          Conj/Fire      #####        1%          1    None
b - Throw Flame           Conj/Fire      ######       1%          2    None
c - Conjure Flame         Conj/Fire      ######..     1%          3    None
d - Sandblast             Erth           ##....       6%          1    None
f - Fireball              Conj/Fire      ######....   1%          5    None
s - Sticky Flame          Conj/Fire      ######..     1%          4    None

Your spell library contained the following spells:

 Spells                   Type           Power        Failure   Level  Hunger
 Inner Flame              Hex/Fire       #####...     1%          3    None
 Static Discharge         Conj/Air       #####...     1%          3    None
 Stone Arrow              Conj/Erth      #####.       1%          3    None
 Confusing Touch          Hex            ##....       6%          1    None
 Passwall                 Tmut/Erth      ##......     9%          2    None
 Lightning Bolt           Conj/Air       #####.....   14%         5    None
 Confuse                  Hex            ##......     17%         3    None
 Gell's Gravitas          Tloc           ##........   17%         3    None
 Petrify                  Tmut/Erth      ##......     50%         4    None
 Lee's Rapid Deconstruct  Erth           ##........   85%         5    None
 Metabolic Englaciation   Hex/Ice        ##........   85%         5    None
 Yara's Violent Unravell  Hex/Tmut       ##........   85%         5    None
 Ignition                 Fire           ######....   95%         8    None
 Shatter                  Erth           ##........   100%        9    None
 Tornado                  Air            ##........   100%        9    None


Dungeon Overview and Level Annotations

Branches:
Dungeon (12/15)            Temple (1/1) D:5            Lair (5/6) D:8
  Swamp (0/4) Lair:2       Spider (0/4) Lair:4          Orc (0/2) D:9
  Slime: Lair:5-6

Altars:
Ashenzari
Cheibriados
Dithmenos
Elyvilon
Hepliaklqana
Makhleb
Nemelex Xobeh
Qazlal
Ru
Sif Muna
Trog
Uskayaw
Vehumet
Wu Jian
Xom
Yredelemnul
Zin

Shops:
D:4 !=*   D:5 (   D:7 %

Annotations:
D:6 1 runed translucent door BOX, Crazy Yiuf
D:7 Joseph
Lair:1 Gastronok


Innate Abilities, Weirdness & Mutations

You cannot wear most types of armour.
You are very stealthy in the water. (Stealth+)
You are amphibious.
You can wear up to eight rings at the same time.
You can use your tentacles to constrict eight enemies at once.
Your skin changes colour to match your surroundings (Stealth+).
Your rubbery body absorbs attacks. (AC +1, EV +1)
You are partially covered in large bone plates. (SH +4)
You are resistant to hostile enchantments. (MR+)


Message History

There is a stone staircase leading up, spattered with blood here.
You take 18 damage, and have 53/71 hp.
MASSIVE DAMAGE!!
The blink frog hits you! The blink frog hits you!!
* * * LOW HITPOINT WARNING * * *
The blink frog barely misses you.
The blink frog blinks!
The hippogriff bites you.
* * * LOW HITPOINT WARNING * * *
The hippogriff closely misses you. You block the hippogriff's attack.
The blink frog completely misses you.
The blink frog blinks!
You climb upwards.
There is a stone staircase leading down here.
You take 39 damage, and have 14/71 hp.
MASSIVE DAMAGE!!
The blink frog blinks! x2
The blink frog blinks!
Okay, then.
Okay, then.
Unknown command.
Okay, then.
The blink frog blinks!
The blink frog hits you!
You die...

##.#####...............###...##
##...#.....................#.#
#.#........................###
##........................###
................F.........#.##
.#...........................#
###..................>......##
.##.............F..........##
................@H.........####
.....[...............ยง.....#..#
.............................####
.............................#...
#..............................##
#.............................P#
#...........................####
............................P.###
..............................##.


You could see a hippogriff and 2 blink frogs.

Vanquished Creatures
  Rupert (Lair:4)
  5 hydras
  A manticore (Lair:4)
  4 elephants (Lair:4)
  A torpor snail (Lair:4)
  A black mamba (Lair:4)
  7 spiny frogs
  6 rime drakes (Lair:4)
  2 komodo dragons (Lair:4)
  A polar bear (Lair:5)
  A hornet (Lair:4)
  2 blink frogs (Lair:5)
  7 dream sheep
  12 hippogriffs
  25 yaks
  9 basilisks
  A shadow (D:8)
  5 wyverns
  4 vampire mosquitoes (Lair:2)
  5 water moccasins
  5 porcupines
  2 phantoms
  2 black bears
  3 ice beasts
  3 orc warriors
  4 sky beasts
  3 eyes of draining
  4 wolves
  6 centaurs
  3 ogres
  3 crocodiles
  An elf zombie (Ossuary)
  3 big kobolds (D:9)
  10 bullfrogs
  10 scorpions
  3 wights (D:8)
  5 killer bees (D:9)
  3 howler monkeys
  An electric eel (Lair:5)
  3 crimson imps
  A bullfrog zombie (D:8)
  3 centaur zombies
  A quasit (D:12)
  4 hounds
  A human zombie (Ossuary)
  3 jellies
  A bullfrog skeleton (D:5)
  2 centaur skeletons (D:11)
  3 orc priests
  3 iguanas
  4 orc wizards
  5 worker ants
  2 killer bee zombies
  2 big kobold zombies (Ossuary)
  2 mummies (Ossuary)
  4 worker ant zombies
  19 adders
  A river rat (D:6)
  A shadow imp (D:11)
  An ooze (D:4)
  2 adder zombies
  2 adder skeletons
  2 worms
  3 dart slugs
  13 leopard geckos
  31 orcs
  6 ball pythons
  12 giant cockroaches
  5 goblins
  10 hobgoblins
  14 jackals
  5 quokkas
  4 bats
  8 frilled lizards
  3 goblin zombies (Ossuary)
  7 hobgoblin zombies (Ossuary)
  A jackal zombie (Ossuary)
  8 kobolds
  7 kobold zombies (Ossuary)
  A leopard gecko skeleton (D:4)
  10 orc zombies (Ossuary)
  A quokka skeleton (D:8)
  10 rats
  2 rat zombies (Ossuary)
  A fungus (Lair:4)
408 creatures vanquished.

Vanquished Creatures (others)
  17 fungi
  7 plants
24 creatures vanquished.

Grand Total: 432 creatures vanquished

Notes
Turn   | Place    | Note
-------+----------+-------------------------------------------
     0 | D:1      | Redear the Octopode Fire Elementalist began the quest for
                  | the Orb.
     0 | D:1      | Reached XP level 1. HP: 11/11 MP: 3/3
   155 | D:1      | Reached XP level 2. HP: 10/17 MP: 0/5
   847 | D:2      | Reached XP level 3. HP: 17/21 MP: 0/6
   873 | D:2      | Reached skill level 2 in Conjurations
  1058 | D:2      | Reached XP level 4. HP: 27/27 MP: 2/8
  1303 | D:2      | Reached skill level 3 in Spellcasting
  1307 | D:2      | Learned a level 2 spell: Throw Flame
  1311 | D:2      | Learned a level 3 spell: Conjure Flame
  1768 | D:3      | Reached skill level 4 in Fire Magic
  1777 | D:3      | Reached XP level 5. HP: 31/31 MP: 7/9
  1783 | D:3      | Learned a level 4 spell: Sticky Flame
  2284 | D:3      | Found a sacrificial altar of Ru.
  2301 | D:3      | Reached skill level 3 in Conjurations
  2603 | D:4      | Found Sawuatsu's General Store.
  2603 | D:4      | Found Qugudeis's Jewellery Shop.
  2799 | D:4      | Found Fira's Distillery.
  2822 | D:4      | Reached XP level 6. HP: 36/36 MP: 6/11
  2916 | D:4      | Bought a potion of mutation for 112 gold pieces
  2916 | D:4      | Gained mutation: You are partially covered in large bone
                  | plates. (SH +4) [potion of mutation]
  2916 | D:4      | Gained mutation: You are resistant to hostile enchantments.
                  | (MR+) [potion of mutation]
  2917 | D:4      | Bought a potion of lignification for 42 gold pieces
  3244 | D:4      | Found Esoaw's Magic Scroll Boutique.
  3324 | D:5      | Entered Level 5 of the Dungeon
  3327 | D:5      | Noticed a sky beast
  3402 | D:5      | Reached skill level 4 in Spellcasting
  3441 | D:5      | Reached skill level 4 in Conjurations
  3441 | D:5      | Reached skill level 5 in Fire Magic
  3442 | D:5      | Noticed an ice beast
  3471 | D:4      | Found a shattered altar of Ashenzari.
  3575 | D:5      | Killed an ice beast
  3575 | D:5      | Reached XP level 7. HP: 41/41 MP: 5/13
  3595 | D:5      | Found a sand-covered staircase.
  3604 | Ossuary  | Entered an ossuary
  4350 | D:5      | Reached skill level 5 in Spellcasting
  4350 | D:5      | Reached skill level 5 in Conjurations
  4350 | D:5      | Reached XP level 8. HP: 46/46 MP: 8/15
  4367 | D:5      | Found Muvuifful's Weapon Boutique.
  4557 | D:5      | Reached skill level 6 in Fire Magic
  4619 | D:5      | Found a staircase to the Ecumenical Temple.
  5184 | Temple   | Entered the Ecumenical Temple
  5191 | Temple   | Became a worshipper of Zin the Law-Giver
  5191 | Temple   | Reached * piety under Zin
  5214 | D:6      | Learned a level 5 spell: Fireball
  5267 | D:6      | Found a glowing drain.
  5291 | Sewer    | Entered a sewer
  5648 | D:6      | Reached skill level 6 in Conjurations
  5805 | D:6      | Reached skill level 6 in Spellcasting
  6046 | D:6      | Reached skill level 7 in Fire Magic
  6056 | D:6      | Reached XP level 9. HP: 22/51 MP: 7/18
  6384 | D:6      | Found a runed translucent door.
  6438 | D:6      | Noticed Crazy Yiuf
  6502 | D:7      | Noticed Joseph
  6516 | D:7      | Reached ** piety under Zin
  6604 | D:7      | Found Qoir's Food Emporium.
  7028 | D:7      | Found a basalt altar of Yredelemnul.
  7170 | D:7      | Reached skill level 7 in Conjurations
  7827 | D:8      | Reached skill level 7 in Spellcasting
  7985 | D:8      | Reached skill level 8 in Fire Magic
  8307 | D:8      | Found a staircase to the Lair.
  8326 | D:8      | Found a sparkling altar of Nemelex Xobeh.
  8578 | D:8      | Reached skill level 8 in Conjurations
  8762 | D:8      | Reached XP level 10. HP: 55/56 MP: 14/21
 10005 | D:9      | Reached *** piety under Zin
 10088 | D:9      | Found a staircase to the Orcish Mines.
 10436 | D:9      | Found a shimmering altar of Xom.
 10436 | D:9      | Found a deep blue altar of Sif Muna.
 10458 | D:9      | Found a shadowy altar of Dithmenos.
 10458 | D:9      | Found a hazy altar of Hepliaklqana.
 10517 | D:9      | Reached skill level 8 in Spellcasting
 10517 | D:9      | Reached skill level 9 in Fire Magic
 11003 | D:9      | Noticed a three-headed hydra
 11013 | D:9      | Killed a three-headed hydra
 11030 | D:8      | Reached skill level 9 in Conjurations
 11175 | D:9      | Found a burning altar of Makhleb.
 11427 | D:10     | Entered Level 10 of the Dungeon
 12395 | D:11     | Reached skill level 1 in Invocations
 12395 | D:11     | Reached skill level 1 in Evocations
 12520 | D:11     | Reached XP level 11. HP: 61/61 MP: 14/23
 12715 | D:11     | Reached skill level 2 in Invocations
 12718 | D:11     | Reached skill level 2 in Evocations
 13034 | D:11     | Reached skill level 9 in Spellcasting
 13283 | D:12     | Reached skill level 10 in Fire Magic
 13502 | D:12     | Noticed a cyclops
 13634 | Lair:1   | Entered Level 1 of the Lair of Beasts
 13738 | Lair:1   | Reached **** piety under Zin
 13767 | Lair:1   | Noticed Gastronok
 14032 | Lair:1   | Reached skill level 3 in Invocations
 14343 | Lair:1   | Reached skill level 3 in Evocations
 15080 | Lair:2   | Found a staircase to the Swamp.
 15093 | Lair:2   | Reached skill level 10 in Conjurations
 15235 | Lair:2   | Noticed a six-headed hydra
 15746 | Lair:2   | Reached skill level 4 in Invocations
 15746 | Lair:2   | Reached skill level 4 in Evocations
 16090 | Lair:2   | Killed a six-headed hydra
 17184 | Lair:3   | Reached XP level 12. HP: 40/66 MP: 15/25
 17585 | Lair:4   | Reached skill level 5 in Evocations
 17585 | Lair:4   | Reached skill level 5 in Invocations
 18219 | Lair:4   | Noticed Rupert
 18304 | Lair:4   | Reached skill level 10 in Spellcasting
 18470 | Lair:4   | Reached skill level 11 in Fire Magic
 18900 | Lair:3   | Learned a level 1 spell: Sandblast
 18917 | Lair:3   | Reached skill level 6 in Evocations
 19092 | Lair:3   | Reached skill level 6 in Invocations
 19945 | Lair:4   | Reached skill level 11 in Conjurations
 20495 | Lair:4   | Noticed an eight-headed hydra
 20769 | Lair:4   | Killed Rupert
 20769 | Lair:4   | Reached skill level 7 in Evocations
 20769 | Lair:4   | Reached XP level 13. HP: 71/71 MP: 5/27
 21823 | Lair:4   | Found a hole to the Spider Nest.
 21986 | Lair:4   | Reached skill level 8 in Evocations
 22203 | Lair:4   | Reached ***** piety under Zin
 22203 | Lair:4   | Reached ****** piety under Zin
 22630 | Lair:4   | Reached skill level 11 in Spellcasting
 22630 | Lair:4   | Reached skill level 12 in Fire Magic
 23381 | Lair:4   | Slain by a blink frog

Levels and vault maps discovered:
D:1:      tarquinn_simple_flora_water_a, layout_rooms, minmay_tromino_v4_a
D:2:      layout_basic, kennysheep_nondescript
D:3:      layout_loops_ring, nicolae_ru_great_annihilating_truth,
          kennysheep_crisscross
D:4:      layout_basic, nicolae_overflow_hidden_temple, serial_shops, shop,
          nicolae_shop_behind_doors, shop_statue, shop, patterned_corridor
D:5:      layout_basic, minmay_temple_entry_drinking_statues,
          nicolae_ossuary_entry_ruins, first_ration, serial_shops,
          kennysheep_little_box, chequers_serial_rivers_small_b
D:6:      layout_loops_ring, gup_sewer_entry_bowl, lightli_corner_chamber,
          uniq_crazy_yiuf_cottage
D:7:      layout_loops_ring, lemuel_doored_altar, serial_shops, shop,
          uniq_joseph
D:8:      layout_gridville, nemelex_xobeh_ov_fountains_minmay, lair_entry_dummy
D:9:      layout_basic, lemuel_crystal_altar, grunt_temple_overflow_cloverleaf,
          hiddenorc1_lemuel, hangedman_ranch [blue_anna_fruit_fields]
D:10:     layout_loops_ring
D:11:     layout_roguey
D:12:     layout_irregular_city, uniq_snorg
Temple:   cyrus_circular_temple
Lair:1:   layout_chaotic_city, uniq_gastronok
Lair:2:   layout_gridlike, minmay_swamp_entry_swarm
Lair:3:   layout_gridlike
Lair:4:   layout_layer_cave, nicolae_spider_entry_non_spiders, special_room
          [special_room_mythical_zoo], chequers_serial_rivers_micro_a,
          uniq_rupert
Lair:5:   beast_lair_carwin_large_2, layout_big_grid, slime_altar_2,
          infiniplex_staircase_pool

Skill      XL: |  1  2  3  4  5  6  7  8  9 10 11 12 13 |
---------------+----------------------------------------+-----
Conjurations   | 2 3 4 5 6 8 9 10 11 | 11.8
Spellcasting   | 3 4 5 6 7 8 9 10 11 | 11.0
Fire Magic     | 4 5 7 8 9 10 11 12 | 12.1
Invocations    | 1 4 6 |  6.0
Evocations     | 1 4 7 8 |  8.4
Dodging        | |  2.0
Stealth        | |  2.6

Action                   |  1- 3 |  4- 6 |  7- 9 | 10-12 | 13-15 || total
-------------------------+-------+-------+-------+-------+-------++-------
Melee: Dagger            |    13 |    14 |    46 |    16 |       ||    89
       Constrict         |     3 |     4 |    13 |     7 |     1 ||    28
       Tentacles         |     2 |     2 |     4 |     7 |       ||    15
       Staff             |       |       |       |    23 |     4 ||    27
Throw: Stone             |       |       |       |     3 |     5 ||     8
 Cast: Flame Tongue      |    41 |   122 |   285 |   331 |    16 ||   795
       Conjure Flame     |       |     1 |     7 |    14 |       ||    22
       Sticky Flame      |       |     1 |    15 |    48 |    12 ||    76
       Fireball          |       |       |       |    92 |    57 ||   149
       Throw Flame       |       |       |       |     2 |       ||     2
Invok: Vitalisation      |       |       |       |     2 |       ||     2
Evoke: Wand              |       |       |     2 |    12 |     4 ||    18
       Lightning rod     |       |       |       |     1 |       ||     1
       Staff of energy   |       |       |       |     6 |     1 ||     7
  Use: Scroll            |       |     8 |     7 |     8 |     8 ||    31
       Potion            |       |     1 |     1 |     3 |       ||     5
 Stab: Sleeping          |       |     1 |       |       |       ||     1
  Eat: Chunk             |       |     7 |     9 |    20 |       ||    36
       Ration            |       |       |     3 |     5 |     2 ||    10
Armor: Skin              |     1 |     4 |     3 |    18 |     3 ||    29
Dodge: Dodged            |    22 |    31 |    60 |   141 |    21 ||   275
Block: Other             |       |     1 |    10 |    52 |     4 ||    67

Table legend:
 A = Non-vault XP
 B = Vault XP
 C = Vault XP percentage of total XP
 D = Non-vault monster count
 E = Vault monster count
 F = Vault count percentage of total count
                 A         B        C        D         E       F
            +---------+---------+-------+---------+---------+-------
      Total |   28452 |   13666 |  32.4 |     277 |     130 |  31.9
            +---------+---------+-------+---------+---------+-------
        D:1 |      24 |       7 |  22.6 |      14 |       4 |  22.2
        D:2 |     130 |       0 |   0.0 |      27 |       0 |   0.0
        D:3 |      66 |      40 |  37.7 |      22 |       4 |  15.4
        D:4 |     251 |       0 |   0.0 |      13 |       0 |   0.0
        D:5 |     597 |       0 |   0.0 |      13 |       0 |   0.0
        D:6 |     864 |      17 |   1.9 |      23 |       3 |  11.5
        D:7 |     699 |       0 |   0.0 |      13 |       0 |   0.0
        D:8 |    1778 |     216 |  10.8 |      26 |       1 |   3.7
        D:9 |     736 |    2212 |  75.0 |      18 |      24 |  57.1
       D:10 |     109 |       0 |   0.0 |       6 |       0 |   0.0
       D:11 |    1986 |       0 |   0.0 |      20 |       0 |   0.0
       D:12 |     345 |       0 |   0.0 |       6 |       0 |   0.0
     Lair:1 |    1803 |       0 |   0.0 |       7 |       0 |   0.0
     Lair:2 |    4522 |     713 |  13.6 |      17 |       4 |  19.0
     Lair:3 |    2118 |     779 |  26.9 |      12 |       3 |  20.0
     Lair:4 |   11279 |    9094 |  44.6 |      34 |      30 |  46.9
     Lair:5 |    1145 |       0 |   0.0 |       6 |       0 |   0.0
      Sewer |       0 |     228 | 100.0 |       0 |      18 | 100.0
    Ossuary |       0 |     360 | 100.0 |       0 |      39 | 100.0
            +---------+---------+-------+---------+---------+-------
